Map: Amygdala

Players

Moja

  • Race: Terran Terran
  • League: Grandmaster
  • Spawn Location: 7:00

llllllllllll - Winner!

  • Race: Zerg Zerg
  • League: Grandmaster
  • Spawn Location: 1:00

VOD

Have the link to the VOD?

Description

Time

  • Played on: April 23, 2025, 4:55 p.m.
  • Length: 6:25
Show
View Real Time Build Order
Export as new Build Order

Moja Terran 

Build Orders:  

Get SALT Encoding   

  12  0:00  SCV  
  13  0:12  SCV  
  14  0:17  Supply Depot  
  14  0:25  SCV  
  15  0:38  SCV  
  15  0:39  Barracks  
  15  0:42  Refinery  
  16  0:50  SCV  
  17  0:58  Barracks  
  17  1:03  SCV  
  18  1:15  SCV  
  19  1:20  Barracks  
  19  1:26  Refinery  
  19  1:30  Reaper  
  20  1:42  Orbital Command  
  20  1:46  Reaper  
  21  1:56  Supply Depot  
  21  2:02  Reaper  
  21  2:07  Reaper  
  23  2:17  SCV  
  23  2:19  Reaper  
  25  2:23  Supply Depot  
  25  2:29  SCV  
  26  2:34  Reaper  
  27  2:41  SCV, Reaper  
  29  2:53  SCV, Reaper  
  31  3:06  SCV  
  31  3:10  Command Center  
  31  3:11  Reaper  
  33  3:17  Reaper  
  33  3:18  SCV  
  35  3:29  Barracks Tech Lab  
  35  3:33  SCV  
  35  3:34  Supply Depot  
  36  3:39  Bunker  
  36  3:45  SCV  
  36  3:46  Barracks Tech Lab  
  37  3:49  Concussive Shells, Marauder  
  37  3:52  Barracks Reactor  
  39  3:57  SCV  
  40  4:09  SCV  
  41  4:10  Marauder  
  41  4:12  Stimpack  
  43  4:22  Orbital Command  
  43  4:33  SCV  
  43  4:34  Combat Shield  
  43  4:37  Factory  
  43  4:38  Marine  
  43  4:39  Marine x2  
  43  4:40  Marine  
  47  4:45  SCV  
  47  4:47  SCV  
  49  4:56  Marine  
  49  4:57  SCV, Marine  
  49  4:59  SCV  
  53  5:01  Supply Depot  
  53  5:06  Marine  
  54  5:07  Marine  
  54  5:10  SCV, Engineering Bay  
  54  5:13  SCV  
  57  5:17  Marine x2  
  59  5:21  Factory Reactor  
  59  5:22  SCV, Starport  
  59  5:25  SCV  
  59  5:26  Refinery  
  61  5:34  SCV  
  62  5:37  SCV  
  62  5:38  Supply Depot  
  62  5:43  Marine x2  
  62  5:44  Marine x2  
  62  5:46  SCV  
  62  5:49  SCV  
  68  5:58  SCV  
  68  6:01  SCV, Marine  
  68  6:03  Marine  
  66  6:07  Marine  
  66  6:10  SCV  
  62  6:13  SCV  
Show
View Real Time Build Order
Export as new Build Order

llllllllllll Zerg - Winner!

Build Orders: Hatch First 

Get SALT Encoding   

  12  0:00  Drone  
  13  0:07  Drone  
  14  0:30  Hatchery  
  14  0:33  Drone  
  14  0:40  Overlord  
  14  0:56  Spawning Pool  
  13  1:00  Drone  
  13  1:04  Drone  
  15  1:08  Drone  
  16  1:15  Drone  
  17  1:22  Drone  
  18  1:32  Drone  
  19  1:42  Queen x2  
  19  1:45  Drone  
  24  1:48  Drone  
  24  1:52  Drone  
  26  1:54  Drone  
  27  2:03  Drone  
  27  2:05  Overlord  
  28  2:11  Extractor  
  28  2:12  Roach Warren  
  26  2:16  Drone x2  
  28  2:28  Drone  
  28  2:29  Overlord  
  29  2:37  Drone x2  
  31  2:45  Drone  
  31  2:50  Drone  
  31  2:51  Drone x3  
  36  2:52  Roach  
  36  2:54  Overlord  
  38  3:04  Roach  
  40  3:07  Roach  
  42  3:16  Roach  
  42  3:17  Drone x2  
  46  3:22  Overlord  
  46  3:26  Roach  
  46  3:27  Drone x4, Overlord  
  52  3:32  Extractor  
  51  3:39  Extractor  
  51  3:40  Overlord, Extractor  
  49  3:44  Drone x2  
  51  3:48  Roach x2  
  55  4:02  Drone x6  
  61  4:09  Ravager  
  62  4:11  Roach  
  64  4:21  Roach x2  
  68  4:27  Overlord  
  68  4:28  Queen  
  66  4:33  Overlord  
  66  4:36  Roach x3  
  76  4:38  Roach x2  
  76  4:41  Overlord x2  
  76  4:49  Metabolic Boost  
  76  4:51  Roach  
  78  4:57  Hatchery, Roach x2  
  81  5:02  Roach  
  83  5:10  Roach x4  
  91  5:16  Overlord  
  91  5:18  Zergling x2  
  92  5:22  Ravager x4  
  92  5:24  Zergling x2  
  97  5:29  Zergling x2  
  97  5:34  Ravager  
  97  5:35  Zergling x2  
  100  5:40  Zergling x2  
  100  5:41  Zergling x10  
  106  5:44  Ravager x2  
  106  5:48  Zergling x2  
  109  5:50  Ravager  
  110  6:01  Zergling x4, Ravager  
  110  6:02  Ravager  
  107  6:07  Ravager  
  106  6:14  Ravager  
  106  6:18  Ravager  
Tags
 
Add a new tag
Caveats
  • Supply blocks, unpowered buildings, or Contaminate may cause inaccurate times.
  • Supply counts are checked every 10 seconds.